 Dungeon Crawl Stone Soup version 0.18.1-8-gdd0e5ea (webtiles) character file.

58 vale the Poker (level 3, -2/29 HPs)
             Began as a Minotaur Wizard on June 11, 2016.
             Slain by a gnoll (6 damage)
             ... on level 2 of the Dungeon.
             The game lasted 00:08:46 (3521 turns).

vale the Poker (Minotaur Wizard)                    Turns: 3521, Time: 00:08:47

Health: -2/29      AC:  3    Str: 12    XL:     3   Next: 76%
Magic:  2/5        EV: 17    Int: 15    God:
Gold:   93         SH:  0    Dex: 13    Spells: 3 memorised, 1 level left

rFire  . . .     SeeInvis .     h - +0 spear
rCold  . . .     Gourm    .     n - +0 leather armour
rNeg   . . .     Faith    .     (no shield)
rPois  .         Spirit   .     b - +0 hat
rElec  .         Dismiss  .     (no cloak)
rCorr  .         Reflect  .     (no gloves)
SustAt .         Harm     .     (no boots)
MR     .....                    (no amulet)
Stlth  ++........               (no ring)
                                (no ring)

@: agile, lethally poisoned (-2 -> -8), not resistant to hostile enchantments,
unstealthy
A: retaliatory headbutt, horns 2
a: no special abilities


You were on level 2 of the Dungeon.
You were not hungry.

You visited 1 branch of the dungeon, and saw 2 of its levels.

You collected 93 gold pieces.

Inventory:

Hand Weapons
 f - a +0 dagger
 h - a +0 spear (weapon)
Missiles
 g - 26 stones (quivered)
Armour
 b - a +0 hat (worn)
 n - a +0 leather armour (worn)
Scrolls
 e - a scroll of remove curse
 i - a scroll of amnesia
 j - a scroll of identify
Books
 c - a book of Minor Magic

   Spells                             Type                      Level
   a - Magic Dart                     Conjuration                  1
   b - Blink                          Translocation                2
   c - Call Imp                       Summoning                    2
   d - Repel Missiles                 Charms/Air                   2
   e - Slow                           Hexes                        2
   f - Conjure Flame                  Conjuration/Fire             3
   g - Mephitic Cloud                 Conjuration/Poison/Air       3
Comestibles
 d - 3 bread rations {@e1}


   Skills:
 - Level 2.0 Fighting
 + Level 3.1 Polearms
 - Level 2.5 Dodging
 - Level 1.5 Stealth
 - Level 2.1 Spellcasting
 - Level 0.6 Conjurations
 - Level 0.6 Summonings
 - Level 0.6 Translocations


You had one spell level left.
You knew the following spells:

 Your Spells              Type           Power        Failure   Level  Hunger
a - Magic Dart            Conj           #...         24%         1    #......
e - Call Imp              Summ           #.......     34%         2    ###....
p - Blink                 Tloc           N/A          34%         2    ###....


Dungeon Overview and Level Annotations

Branches:
Dungeon (2/15)

Altars:


Innate Abilities, Weirdness & Mutations

You reflexively headbutt those who attack you in melee.
You have a pair of horns on your head.


Message History

You feel agile all of a sudden.
* * * LOW HITPOINT WARNING * * *
You feel sick. The adder barely misses you.
Your crimson imp misses the adder.
You take 1 damage, and have 6/29 hp.
You hit the adder.
You kill the adder!
Your Polearms skill increases to level 3!
* * * LOW HITPOINT WARNING * * *
You feel sick.
You closely miss the gnoll.
Your crimson imp blinks!
The gnoll completely misses you.
You hit the gnoll.
* * * LOW HITPOINT WARNING * * *
You feel sick.
Your crimson imp hits the gnoll.
You take 1 damage, and have 5/29 hp.
You hit the gnoll but do no damage.
* * * LOW HITPOINT WARNING * * *
You feel sick. The gnoll hits you.
You die...

#.....≈≈≈≈≈.≈≈≈≈≈.≈≈≈≈≈.≈≈≈≈
#.#...≈###≈.5###≈.≈###≈.≈###
#.....≈# #≈.≈# #≈.≈# #≈.≈# #
########...≈###≈.≈###≈.≈###≈.≈###
........)..≈≈≈≈≈.≈≈≈≈≈.≈≈≈≈≈.≈≈≈≈
g........>............)..........
#########..≈≈≈≈≈5§≈≈≈≈.≈≈≈≈≈.≈≈≈≈
.# #..≈###≈g§###≈.≈###≈.≈### .#
#..≈# #§@§# #≈.≈# #≈.≈# # .#
#..≈###≈.≈###≈.≈# #≈.≈### .#
#..≈≈≈≈≈.≈≈≈≈≈.≈≈≈≈≈.≈≈≈≈ .#
#)....................... g#
#..≈≈≈≈≈.≈≈≈≈≈.≈≈≈≈≈.≈≈≈≈ .#
#..≈###≈.≈###≈.≈# #≈.≈# # .#
#..≈# #≈.≈# #≈.≈# #≈.≈# #
.########..≈###≈.≈###≈.≈###≈.≈###
...........≈≈≈≈≈.≈≈≈≈≈.≈≈≈≈≈.≈≈≈≈


You could see a gnoll and a friendly crimson imp.

Vanquished Creatures
  An adder (D:2)
  2 dart slugs
  3 giant geckos (D:2)
  2 giant cockroaches (D:1)
  7 goblins
  2 hobgoblins
  4 jackals (D:2)
  4 kobolds
  2 ball pythons
  2 bats (D:1)
  2 giant newts
  7 rats
38 creatures vanquished.

Vanquished Creatures (collateral kills)
  A worm (D:2)
  A goblin (D:2)
2 creatures vanquished.

Grand Total: 40 creatures vanquished

Notes
Turn   | Place    | Note
--------------------------------------------------------------
     0 | D:1      | vale the Minotaur Wizard began the quest for the Orb.
     0 | D:1      | Reached XP level 1. HP: 14/14 MP: 2/2
   493 | D:1      | Reached skill level 1 in Fighting
   844 | D:2      | Reached XP level 2. HP: 16/24 MP: 2/4
   942 | D:2      | Learned a level 2 spell: Blink
   945 | D:2      | Learned a level 2 spell: Call Imp
  1403 | D:2      | Reached skill level 1 in Polearms
  1984 | D:2      | Reached XP level 3. HP: 29/29 MP: 2/5
  1997 | D:2      | Reached skill level 2 in Polearms
  3518 | D:2      | Reached skill level 3 in Polearms
  3521 | D:2      | Slain by a gnoll

Skill      XL: |  1  2  3 |
---------------+----------+-----
Fighting       | 2 |  2.0
Polearms       | 1 3 |  3.1
Dodging        | |  2.5
Stealth        | |  1.5
Spellcasting   | |  2.1
Conjurations   | |  0.6
Summonings     | |  0.6
Translocations | |  0.6

Action                   || total
-------------------------++-------
Melee: Unarmed           ||     9
       Dagger            ||    13
       Headbutt          ||     7
       Spear             ||    78
Throw: Stone             ||     2
 Cast: Magic Dart        ||    57
       Call Imp          ||     6
  Use: Scroll            ||     4
       Potion            ||     2
 Stab: Sleeping          ||     1
  Eat: Chunk             ||    10
Armor: Robe              ||    11
       Leather armour    ||     5
Dodge: Dodged            ||    79
